 Dungeon Crawl Stone Soup version 0.32-a0-871-ge202e49faa (webtiles) character file.

Game seed: 11957266122146722342

66292 DEFE the Severer (level 15, -6/115 HPs)
             Began as a Coglin Fighter on Mar 29, 2024.
             Was a High Priest of Okawaru.
             Mangled by an orc knight
             ... wielding a +0 great sword
              (25 damage)
             ... on level 2 of the Orcish Mines.
             The game lasted 00:18:20 (20082 turns).

DEFE the Severer (Coglin Fighter)                  Turns: 20082, Time: 00:18:21

Health: -6/115     AC: 25    Str: 28    XL:     15   Next: 19%
Magic:  21/21      EV:  7    Int: 11    God:    Okawaru [*****.]
Gold:   1905       SH:  0    Dex: 14    Spells: 14/14 levels left

rFire   + + .        y - +10 war axe of Mens Rea {drain, ^Fragile rCorr Str+5 Int+3}
rCold   + + .        b - +8 mithril axe "Arga" {speed, Will+}
rNeg    . . .        F - +3 gold dragon scales
rPois   +            (no helmet)
rElec   .            k - scarf {rC+ rF+}
rCorr   +            (no gloves)
SInv    .            I - +0 pair of boots
Will    +++..        (amulet unavailable) Stlth
                     (ring unavailable)
HPRegen 0.39/turn    (ring unavailable)
MPRegen 0.17/turn    U - hydrosubsystem Mk.1 {Will+ Slay+3 Clar RMsl}

%: repel missiles, clarity
@: heroic, studying Evocations, revved
A: off-hand wielding, slow wielding, warmup strikes, no jewellery
a: Renounce Religion, Heroism, Finesse, Duel


You were on level 2 of the Orcish Mines.
You worshipped Okawaru.
Okawaru was extremely pleased with you.
You visited 4 branches of the dungeon, and saw 21 of its levels.
You also visited: Sewer and Volcano.

You collected 3399 gold pieces.
You spent 1494 gold pieces at shops.

Inventory:

Hand Weapons
 a - a +0 war axe of freezing {Chang}
 b - the +8 mithril axe "Arga" (offhand) {speed, Will+}
   (You acquired it on level 12 of the Dungeon)

   Will+:     It increases your willpower.
 l - a +0 war axe {Kanchana}
 y - the +10 war axe of Mens Rea (weapon) {drain, ^Fragile rCorr Str+5 Int+3}
   (You found it on level 5 of the Dungeon)

   Str+5:     It affects your strength (+5).
   Int+3:     It affects your intelligence (+3).
   rCorr:     It protects you from acid and corrosion.
   ^Fragile:  It will be destroyed if unequipped.
 C - a +5 broad axe of flaming {Kiyoto}
 M - a +1 broad axe of electrocution
Missiles
 E - 7 curare-tipped darts (quivered)
 V - a throwing net
Armour
 k - a scarf of resistance (worn)
 D - a +2 cloak
 F - +3 gold dragon scales (worn)
 G - a scarf of invisibility
 H - a +0 cloak of preservation
 I - a +0 pair of boots (worn)
 P - a +1 crystal plate armour
Gizmo
 U - a hydrosubsystem Mk.1 (installed) {Will+ Slay+3 Clar RMsl}
   (You invented it yourself on level 3 of the Lair of Beasts)

   [hydrosubsystem Mk.1]

   Slay+3:    It affects your accuracy & damage with ranged weapons and melee
   (+3).
   Will+:     It increases your willpower.
   Clar:      It protects you from confusion, rage, mesmerisation and fear.
   RMsl:      It protects you from missiles.
Wands
 c - a wand of light (5)
 w - a wand of flame (21)
 A - a wand of polymorph (12)
 N - a wand of iceblast (6)
 T - a wand of paralysis (10)
Scrolls
 e - a scroll of immolation
 h - 2 scrolls of poison
 j - 13 scrolls of teleportation
 n - 3 scrolls of fog
 o - a scroll of noise
 q - 2 scrolls of butterflies
 r - a scroll of torment
 s - a scroll of blinking
 v - 7 scrolls of vulnerability
 B - a scroll of revelation
 O - a scroll of silence
 S - 3 scrolls of identify
 W - a scroll of enchant armour
Potions
 d - 5 potions of might
 f - a potion of enlightenment
 g - 3 potions of haste
 i - a potion of cancellation {unknown}
 m - 2 potions of attraction {unknown}
 p - a potion of resistance
 t - 4 potions of heal wounds {unknown}
 u - a potion of experience {unknown}
 x - 2 potions of ambrosia
 z - a potion of lignification {unknown}
 J - a potion of brilliance {unknown}
 K - 2 potions of curing
 L - 3 potions of berserk rage {unknown}
 Q - 3 potions of magic {unknown}
 R - 3 potions of mutation {unknown}
 X - a potion of invisibility {unknown}


   Skills:
 + Level 10.1(15.1) Fighting
 - Level 18.0(23.0) Axes
 + Level 10.3(15.3) Armour
 - Level 3.3(8.3) Shields
 + Level 8.6 Invocations
 - Level 11.0 Evocations


You had 14 spell levels left.
You didn't know any spells.
Your spell library contained the following spells:

 Spells                   Type           Power      Damage    Failure   Level
 Apportation              Tloc           0%         N/A       100%        1
 Kiss of Death            Conj/Necr      0%         2d5       100%        1
 Slow                     Hex            0%         N/A       100%        1
 Cigotuvi's Dreadful Rot  Necr/Alch/Air  0%         N/A       100%        2
 Ensorcelled Hibernation  Hex/Ice        0%         N/A       100%        2
 Jinxbite                 Hex            0%         N/A       100%        2
 Sublimation of Blood     Necr           0%         N/A       100%        2
 Confusing Touch          Hex            0%         N/A       100%        3
 Passwall                 Erth           0%         N/A       100%        3
 Swiftness                Air            0%         N/A       100%        3
 Teleport Other           Tloc           0%         N/A       100%        3
 Vampiric Draining        Necr           0%         2d6       100%        3
 Petrify                  Alch/Erth      0%         N/A       100%        4
 Alistair's Intoxication  Alch           0%         N/A       100%        5
 Borgnjor's Vile Clutch   Necr/Erth      0%         N/A       100%        5
 Irradiate                Conj/Alch      0%         3d11      100%        5
 Dispersal                Tloc           0%         N/A       100%        6
 Eringya's Noxious Bog    Alch           0%         4d6       100%        6
 Gell's Gavotte           Tloc           0%         2d(11-16) 100%        6
 Haunt                    Necr/Summ      Unusable   N/A       N/A         7

Dungeon Overview and Level Annotations

Branches:
Dungeon (13/15)            Temple (1/1) D:7            Lair (5/5) D:10
 Shoals (0/4) Lair:2        Snake (0/4) Lair:2        Slime (0/5) Lair:5
    Orc (2/2) D:11          Sewer (visited)         Volcano (visited)
    Elf: Orc:2       Vaults: D:13-14

Altars:
Ashenzari
Cheibriados
Dithmenos
Elyvilon
Fedhas
Gozag
Hepliaklqana
Kikubaaqudgha
Makhleb
Nemelex Xobeh
Okawaru
Qazlal
Ru
Sif Muna
Trog
Uskayaw
Vehumet
Wu Jian
Xom
Yredelemnul
Zin
The Shining One
Jiyva

Shops:
D:5 :!(=*

Portals:
Trove: D:11 (give +2 storm dragon scales)

Annotations:
D:3 3 runed translucent doors, hbaldo's ghost, amateur DrBe
D:6 1 runed translucent door, Flippered's ghost, novice DsNe
D:13 Azrael


Innate Abilities, Weirdness & Mutations

You can wield a second weapon in your off-hand.
It takes a long time for you to wield or remove held weapons.
Your first few attacks do less damage.
You cannot equip rings or amulets.


Message History

You slice the orc knight with the +8 mithril axe "Arga"!!
Your life force feels restored.
You hit the orc knight but do no damage.
The orc knight is severely wounded.
You barely miss the orc high priest with the +8 mithril axe "Arga".
You slice something with the +8 mithril axe "Arga"!!
Okawaru accepts your kill.
Reactivating autopickup.
You feel a bit more experienced.
You hit the ynoxinul with the +8 mithril axe "Arga".
You slash the orc knight with the +8 mithril axe "Arga"!
You hit the orc knight with the +10 war axe of Mens Rea.
You slash the ynoxinul with the +10 war axe of Mens Rea!
You hit the orc knight with the +10 war axe of Mens Rea.
You drain the orc knight.
You hit the orc high priest with the +10 war axe of Mens Rea.
You drain the orc high priest.
The orc knight hits you with a +0 long sword!
The orc high priest barely misses you.
The orc knight hits you with a +0 great sword!!
* * * LOW HITPOINT WARNING * * *
The ynoxinul gestures.
You are too injured to fight recklessly!
Unknown command.
You are too injured to fight recklessly!
Unknown command.
You slice the orc high priest with the +10 war axe of Mens Rea!!
You kill the orc high priest!
Okawaru accepts your kill.
The ynoxinul disappears in a puff of smoke!
The ufetubus disappears in a puff of smoke! x3
You closely miss the orc knight with the +10 war axe of Mens Rea.
You hit the orc knight but do no damage.
You drain the orc knight.
You slice the orc knight with the +8 mithril axe "Arga"!!
You barely miss the orc knight with the +8 mithril axe "Arga".
The orc knight hits you with a +0 long sword!
* * * LOW HITPOINT WARNING * * *
The orc knight hits you with a +0 great sword!!
You die...

##.#####.....##....#..###
#...##.#.....##.........##
#.......#........#######.#
##......<.......##÷....###
##............###......
#.............#...÷....
##...........##...÷...÷
#..<........##oo)÷..§..
##..........#..@§.÷..÷.
##.........##§)§#§§...÷
#..........#..§## ÷.÷..
#.......^..#.)(## .### ..
#..........#..).### # ...
##.......#.##.....#####...
##........###.............
#..[.))....###............
#..[[).......###.).........


You could see 2 orc knights.

Vanquished Creatures
  Kirke (Lair:3)
  An orc warlord (Orc:2)
  Snorg (Lair:3)
  Josephine (D:11)
  A fire dragon (Lair:5)
  Fannar (D:11)
  A hydra (Lair:5)
  A vault guard (D:11)
  A catoblepas (Lair:3)
  Erica (Lair:1)
  A centaur warrior (D:8)
  An ogre mage (Orc:2)
  4 boulder beetles
  3 two-headed ogres
  3 orc high priests (Orc:2)
  6 death yaks (Lair:2)
  A skyshark (Lair:5)
  3 lindwurms
  Pikel (D:8)
  An obsidian bat (Orc:1)
  2 orc knights (Orc:2)
  2 deep elf pyromancers
  A cyclops (Orc:2)
  2 orc sorcerers (Orc:2)
  Maurice (D:10)
  3 salamanders (Volcano)
  An ugly thing (D:10)
  4 manticores
  8 kobold blastminers
  8 elephants (Lair:4)
  A gargoyle (D:9)
  5 torpor snails (Lair:5)
  2 black mambas
  3 kobold demonologists (D:9)
  A rime drake (Lair:2)
  11 cane toads
  14 komodo dragons
  Psyche (D:8)
  6 trolls
  3 tyrant leeches (Lair:5)
  A polar bear (Lair:2)
  7 hornets (Lair:5)
  7 dream sheep (Lair:3)
  8 blink frogs
  Prince Ribbit (D:5)
  4 shadows
  3 wraiths (D:11)
  A vampire (D:9)
  32 yaks
  4 hogs
  6 basilisks
  2 fire bats (Volcano)
  2 wargs
  4 wyverns
  4 fire elementals
  3 steam dragons
  2 acid dragons
  3 nagas (Lair:2)
  19 water moccasins
  3 hell hounds
  Pargi (Sewer)
  15 orc warriors
  2 black bears
  2 ice beasts
  5 centaurs
  4 ogres
  15 wolves
  4 lemures (D:8)
  A phantom (D:5)
  7 kobold brigands
  9 bullfrogs
  Blork the orc (D:5)
  A brain worm (Sewer)
  3 electric eels
  A howler monkey (D:5)
  2 bombardier beetles
  4 jellies
  15 orc priests
  A gnoll bouda (D:4)
  3 hounds
  An iguana (D:5)
  Terence (D:3)
  A sleepcap (D:8)
  13 orc wizards
  3 gnolls (D:4)
  9 adders
  2 river rats (D:3)
  2 ufetubi (D:4)
  A ribbon worm (D:2)
  3 dart slugs
  57 orcs
  8 ball pythons
  8 endoplasms
  5 giant cockroaches
  4 goblins
  4 hobgoblins
  11 jackals
  8 quokkas
  7 bats
  5 frilled lizards
  34 kobolds
  7 rats
519 creatures vanquished.

Vanquished Creatures (others)
  A catoblepas (Lair:3)
1 creature vanquished.

Grand Total: 520 creatures vanquished

Notes
Turn   | Place    | Note
-------+----------+-------------------------------------------
     0 | D:1      | DEFE the Coglin Fighter began the quest for the Orb.
     0 | D:1      | Reached XP level 1. HP: 18/18 MP: 1/1
     1 | D:1      | Noticed an electric eel
   141 | D:1      | Reached XP level 2. HP: 24/24 MP: 2/2
   450 | D:1      | Reached XP level 3. HP: 29/29 MP: 3/3
   844 | D:2      | Reached XP level 4. HP: 35/35 MP: 4/4
  1207 | D:2      | Found a faded altar of an unknown god.
  1616 | D:3      | Got the Incunabulum of Ectoplasm
  1628 | D:3      | Found a runed translucent gate.
  1628 | D:3      | Found a runed translucent gate.
  1628 | D:3      | Found a runed translucent gate.
  1629 | D:3      | Found an opulent altar of Gozag.
  1634 | D:3      | Noticed a scorpion
  1634 | D:3      | Noticed hbaldo's ghost (amateur DrBe)
  1684 | D:3      | Reached skill level 3 in Axes
  1684 | D:3      | Reached XP level 5. HP: 40/42 MP: 5/5
  1782 | D:3      | Found a glowing drain.
  1788 | Sewer    | Entered a sewer
  1848 | Sewer    | Noticed Pargi
  1852 | Sewer    | Killed Pargi
  1853 | Sewer    | Reached XP level 6. HP: 46/48 MP: 6/6
  1993 | D:3      | Noticed Terence
  1999 | D:3      | Killed Terence
  2442 | D:4      | Identified the +1 leather armour of the Serpent {rN+ Dex+4}
  2461 | D:4      | Reached skill level 4 in Axes
  2488 | D:4      | Reached XP level 7. HP: 50/55 MP: 7/7
  2765 | D:4      | Reached skill level 5 in Axes
  2970 | D:5      | Entered Level 5 of the Dungeon
  2973 | D:5      | Found Xodein's Assorted Antiques.
  3321 | D:5      | Noticed Blork the orc
  3328 | D:5      | Killed Blork the orc
  3329 | D:5      | Reached skill level 6 in Axes
  3423 | D:5      | Found Uggyin's Antique Weapon Emporium.
  3423 | D:5      | Noticed Prince Ribbit
  3431 | D:5      | Killed Prince Ribbit
  3432 | D:5      | Reached XP level 8. HP: 35/61 MP: 8/8
  3561 | D:5      | Found Appity's Jewellery Shop.
  3598 | D:5      | Reached skill level 7 in Axes
  3645 | D:5      | Found a radiant altar of Vehumet.
  4032 | D:5      | Found a broken altar of Ashenzari.
  4041 | D:5      | Found Aczegez's Book Emporium.
  4054 | D:5      | Found Wenwule's Distillery.
  4064 | D:5      | Reached skill level 8 in Axes
  4393 | D:5      | Identified the +10 war axe of Mens Rea {drain, ^Fragile
                  | rCorr Str+5 Int+3}
  4620 | D:6      | Reached skill level 9 in Axes
  4667 | D:6      | Found a white marble altar of Elyvilon.
  4968 | D:6      | Found a runed translucent door.
  4969 | D:6      | Noticed Flippered's ghost (novice DsNe)
  5114 | D:6      | Reached XP level 9. HP: 52/66 MP: 9/9
  5232 | D:6      | Identified a scroll of acquirement
  5248 | D:6      | Acquired a +0 broad axe of flaming
  5369 | D:6      | Found a hide-covered altar of Uskayaw.
  5610 | D:7      | Reached skill level 10 in Axes
  5820 | D:7      | Found a staircase to the Ecumenical Temple.
  6060 | Temple   | Entered the Ecumenical Temple
  6344 | D:7      | Acquired 964 gold pieces
  6662 | D:8      | Noticed a centaur warrior
  6668 | D:8      | Reached skill level 11 in Axes
  6668 | D:8      | Reached skill level 1 in Evocations
  6972 | D:8      | Killed a centaur warrior
  6973 | D:8      | Reached skill level 12 in Axes
  6973 | D:8      | Reached skill level 5 in Evocations
  6973 | D:8      | Reached XP level 10. HP: 65/73 MP: 10/10
  7105 | D:8      | Noticed Pikel
  7124 | D:8      | Killed Pikel
  7175 | D:8      | Noticed Psyche
  7177 | D:8      | Killed Psyche
  7178 | D:8      | Reached skill level 13 in Axes
  7798 | D:9      | Noticed a kobold demonologist
  7798 | D:9      | Noticed a kobold demonologist
  7798 | D:9      | Noticed a kobold demonologist
  7801 | D:9      | Noticed an orange demon
  7801 | D:9      | Killed a kobold demonologist
  7801 | D:9      | Killed a kobold demonologist
  7802 | D:9      | Killed a kobold demonologist
  8328 | D:5      | Bought glowing gold dragon scales for 1494 gold pieces
  8624 | D:9      | Reached XP level 11. HP: 73/78 MP: 11/11
  8636 | D:9      | Reached skill level 14 in Axes
  8845 | D:10     | Entered Level 10 of the Dungeon
  8984 | D:10     | Found a glowing silver altar of Zin.
  8985 | D:10     | Found a burning altar of Makhleb.
  8987 | D:10     | Found a shimmering blue altar of Sif Muna.
  8987 | D:10     | Found an iron altar of Okawaru.
  9037 | D:10     | Became a worshipper of Warmaster Okawaru
  9099 | D:10     | Noticed Maurice
  9106 | D:10     | Maurice stole a +0 war axe of freezing {Chang}
  9107 | D:10     | Killed Maurice
  9177 | D:10     | Noticed a green ugly thing
  9183 | D:10     | Killed a green ugly thing
  9261 | D:10     | Reached skill level 1 in Invocations
  9426 | D:10     | Reached * piety under Okawaru
  9507 | D:10     | Found a staircase to the Lair.
  9857 | D:11     | Reached ** piety under Okawaru
  9866 | D:11     | Found a blossoming altar of Fedhas.
  9889 | D:11     | Noticed a vault guard
  9893 | D:11     | Killed a vault guard
  9899 | D:11     | Found a portal to a secret trove of treasure.
  9927 | D:11     | Noticed Fannar
  9934 | D:11     | Killed Fannar
  9935 | D:11     | Reached skill level 5 in Armour
  9945 | D:11     | Reached *** piety under Okawaru
 10013 | D:11     | Reached skill level 15 in Axes
 10013 | D:11     | Reached skill level 10 in Evocations
 10224 | D:11     | Noticed a deep elf pyromancer
 10485 | D:11     | Killed a deep elf pyromancer
 10543 | D:11     | Found a staircase to the Orcish Mines.
 10550 | D:11     | Reached XP level 12. HP: 84/84 MP: 14/14
 10588 | D:11     | Noticed Josephine
 10597 | D:11     | Killed Josephine
 10597 | D:11     | Reached **** piety under Okawaru
 10875 | D:12     | Noticed a boulder beetle
 10883 | D:12     | Killed a boulder beetle
 11422 | D:12     | Acquired the +8 mithril axe "Arga" {speed, Will+}
 11422 | D:12     | Found the +8 mithril axe "Arga" {speed, Will+}
 11803 | D:12     | Noticed Sonja
 11809 | D:12     | Sonja changed into Sonja the hog
 11809 | D:12     | Noticed Sonja
 11814 | D:12     | Killed Sonja the hog
 11964 | D:12     | Reached ***** piety under Okawaru
 12125 | D:13     | Noticed Azrael
 12479 | Lair:1   | Entered Level 1 of the Lair of Beasts
 12528 | Lair:1   | Noticed Erica
 12536 | Lair:1   | Killed Erica
 12537 | Lair:1   | Reached skill level 16 in Axes
 12680 | Lair:1   | Received a gift from Okawaru
 12681 | Lair:1   | Reached skill level 5 in Fighting
 13353 | Lair:2   | Reached XP level 13. HP: 92/92 MP: 16/16
 13393 | Lair:2   | Reached skill level 5 in Invocations
 13395 | Lair:2   | Received a gift from Okawaru
 13540 | Lair:2   | Found a staircase to the Snake Pit.
 14039 | Lair:2   | Found a staircase to the Shoals.
 14848 | Lair:3   | Noticed Snorg
 14854 | Lair:3   | Killed Snorg
 14854 | Lair:3   | Received a gift from Okawaru
 14898 | Lair:3   | Found a dark tunnel.
 14900 | Lair:3   | Reached ****** piety under Okawaru
 14911 | Volcano  | Entered a volcano
 15014 | Volcano  | Reached skill level 17 in Axes
 15090 | Volcano  | Acquired a +1 broad axe of electrocution
 15090 | Volcano  | Received a gift from Okawaru
 15092 | Volcano  | Acquired a +1 crystal plate armour
 15092 | Volcano  | Received a gift from Okawaru
 15732 | Lair:3   | Received a gift from Okawaru
 15962 | Lair:3   | Identified the +0 scale mail of Enet {rElec Str+4}
 15987 | Lair:3   | Noticed Kirke
 15997 | Lair:3   | Killed Kirke
 16020 | Lair:3   | Reached XP level 14. HP: 97/103 MP: 18/18
 16023 | Lair:3   | Acquired a hydrosubsystem Mk.1 {Will+ Slay+3 Clar RMsl}
 16625 | Lair:4   | Received a gift from Okawaru
 16920 | Lair:5   | Entered Level 5 of the Lair of Beasts
 17031 | Lair:5   | Acquired a manual of Evocations
 17106 | Lair:5   | Reached skill level 18 in Axes
 17565 | Lair:5   | Found a viscous altar of Jiyva.
 17565 | Lair:5   | Found a staircase to the Slime Pits.
 17654 | Lair:5   | Received a gift from Okawaru
 18673 | Orc:1    | Entered Level 1 of the Orcish Mines
 18682 | Orc:1    | Received a gift from Okawaru
 19237 | Orc:2    | Entered Level 2 of the Orcish Mines
 19379 | Orc:2    | Noticed an orc warlord
 19391 | Orc:2    | Killed an orc warlord
 19409 | Orc:2    | Reached XP level 15. HP: 38/114 MP: 15/21
 19670 | Orc:2    | Reached skill level 10 in Armour
 19685 | Orc:2    | Received a gift from Okawaru
 20070 | Orc:2    | Reached skill level 10 in Fighting
 20082 | Orc:2    | Mangled by an orc knight

Illustrated notes

Levels and vault maps discovered:
D:1:      arrival_aquarium_a, layout_basic
D:2:      layout_loops_corners, shapermc_ecumenical_altar_totnotflames,
          minmay_hexomino_u4
D:3:      layout_rooms, gup_sewer_entry_spiral, ebering_ghost_gozag,
          uniq_terence
D:4:      layout_basic, amethyst_killhole, nicolae_the_louvre
D:5:      layout_loops_ring, mainiacjoe_overflow_boulevard, kennysheep_mini,
          serial_shops, shop_fountains, shop, nicolae_shop_waterfront, shop,
          shop, minmay_misc_feat_x, minivault_23, kennysheep_potato,
          uniq_blork_the_orc, uniq_prince_ribbit1
D:6:      layout_basic, nicolae_uskayaw_dance_hall, elyvilon_altar_1,
          hellmonk_ghost_happy_afterlife
D:7:      layout_loops_corners, minmay_temple_entry_junction
D:8:      layout_basic, uniq_psyche, uniq_pikel
D:9:      layout_roguey
D:10:     layout_irregular_city, chequers_temple_overflow_statue_of_worship,
          erik_lair_dragon, uniq_maurice
D:11:     layout_basic, minmay_orc_entry_guard_dogs, enter_trove_5,
          fedhas_altar_3, uniq_josephine, uniq_fannar
D:12:     layout_basic, uniq_sonja
D:13:     layout_small_grid, hellmonk_vaults_attempted_burglary,
          minmay_misc_feat_rugged, uniq_azrael
Temple:   eino_temple_lava
Lair:1:   layout_gridlike, uniq_erica
Lair:2:   layout_cave_pods, shoals_dummy_entry,
          minmay_snake_entry_guardpost_small, chequers_serial_rivers_small_b,
          beast_lair_carwin_8, lemuel_fruit_tree, serial_bayou_shore_a,
          infiniplex_staircase_pool_2
Lair:3:   nzn_motion_control, layout_big_grid, enter_volcano_3, uniq_snorg,
          uniq_kirke
Lair:4:   layout_hall_layers, infiniplex_staircase_pool, serial_bayou_shore_b
Lair:5:   wormcave, layout_cave_pods, slime_entry_2
Orc:1:    layout_diamond_mine
Orc:2:    grunt_orc_tribal_feast, layout_caves

Skill      XL: |  1  2  3  4  5  6  7  8  9 10 11 12 13 14 15 |
---------------+----------------------------------------------+-----
Armour         | 3 4 5 6 8 9 10 | 10.3
Axes           | 3 4 6 9 12 13 15 16 17 18 | 18.0
Fighting       | 4 5 7 9 10 | 10.1
Shields        | 3 |  3.3
Evocations     | 5 8 10 11 | 11.0
Invocations    | 3 4 6 8 |  8.6

Action                     |  1- 3 |  4- 6 |  7- 9 | 10-12 | 13-15 || total
---------------------------+-------+-------+-------+-------+-------++-------
  Melee: War axe           |    82 |   198 |   232 |   196 |   353 ||  1061
         Broad axe         |       |       |    31 |   199 |   335 ||   565
  Throw: Dart              |       |       |       |       |     2 ||     2
 Invoke: Receive Weapon    |       |       |       |       |     1 ||     1
         Receive Armour    |       |       |       |       |     1 ||     1
         Heroism           |       |       |       |       |     3 ||     3
         Finesse           |       |       |       |       |     2 ||     2
Ability: Invent Gizmo      |       |       |       |       |     1 ||     1
  Evoke: Wand              |       |       |       |     7 |     2 ||     9
    Use: Scroll            |       |       |    17 |     8 |     4 ||    29
         Potion            |       |       |     5 |       |       ||     5
   Stab: Invisible         |       |       |       |     1 |       ||     1
         Petrified         |       |       |       |       |     4 ||     4
 Armour: Scale mail        |    67 |       |       |       |       ||    67
         Chain mail        |       |   109 |   153 |    32 |       ||   294
         Gold dragon scale |       |       |       |   200 |   329 ||   529
  Dodge: Dodged            |    48 |    42 |    47 |    35 |    59 ||   231
         Repelled          |       |       |       |       |    14 ||    14
  Block: Buckler           |    32 |       |       |       |       ||    32

Table legend: (Time is in decaauts)
 A = Elapsed time spent in this place.
 B = Non-inter-level travel time spent in this place.
 C = Inter-level travel time spent in this place.
 D = Time resting spent in this place.
 E = Time spent auto-exploring this place.
 F = Levels seen in this place.
 G = Mean time per level.
                   A        B        C        D        E       F      G
               +--------+--------+--------+--------+--------+-----+--------+
         Total |  20075 |  18920 |   1155 |   3411 |  12857 |  23 |  872.8 |
       Dungeon |  12563 |  11656 |    907 |   2569 |   7449 |  13 |  966.4 |
        Temple |      1 |      1 |      0 |      0 |      0 |   1 |    1.0 |
          Lair |   5512 |   5268 |    244 |    465 |   4200 |   5 | 1102.4 |
  Orcish Mines |   1361 |   1358 |      3 |    242 |    909 |   2 |  680.5 |
         Sewer |    162 |    162 |      0 |      0 |    111 |   1 |  162.0 |
       Volcano |    474 |    474 |      0 |    135 |    187 |   1 |  474.0 |
               +--------+--------+--------+--------+--------+-----+--------+

Top non-repeatable levels by time:
     D:5: 1706 daAuts
     D:7: 1603 daAuts
    D:12: 1556 daAuts
  Lair:5: 1538 daAuts
  Lair:2: 1527 daAuts
    D:10: 1199 daAuts
  Lair:3: 1061 daAuts
     D:8: 1006 daAuts
     D:2: 994 daAuts
    D:11: 984 daAuts
  Lair:1: 852 daAuts
     D:6: 836 daAuts
   Orc:1: 731 daAuts
     D:9: 716 daAuts
     D:4: 689 daAuts
